 Dungeon Crawl Stone Soup version 0.31-a0-672-g7da72447bb (webtiles) character file.

Game seed: 13226126661822626523

14 Dirtsage the Changeling (level 2, -4/21 HPs)
             Began as a Demonspawn Shapeshifter on Sept 4, 2023.
             Slain by a gnoll
             ... wielding a +0 halberd of flaming
              (7 damage)
             ... on level 2 of the Dungeon.
             The game lasted 00:02:06 (742 turns).

Dirtsage the Changeling (Demonspawn Shapeshifter)    Turns: 742, Time: 00:02:06

Health: -4/21      AC:  9    Str: 14    XL:     2   Next: 27%
Magic:  2/2        EV: 10    Int: 11    God:
Gold:   77         SH:  0    Dex: 12    Spells: 1/1 levels left

rFire   . .          .
                       - Unarmed
rCold   . . .        (no shield)
rNeg    . . .        g - +0 ring mail
rPois   .            (helmet currently unavailable)
rElec   .            (cloak currently unavailable)
rCorr   .            (gloves currently unavailable)
SInv    .            (boots currently unavailable)
Will    .....        (no amulet)
Stlth   +            k - +4 ring of protection
HPRegen 0.23/turn    (no ring)
MPRegen 0.08/turn

%: no passive effects
@: beast-form
A: beast (slay +1), antennae 1
a: Begin Untransformation


You were on level 2 of the Dungeon.
You were a hulking beast.
You visited 1 branch of the dungeon, and saw 2 of its levels.

You collected 77 gold pieces.

Inventory:

Armour
 a - a +0 animal skin
 g - a +0 ring mail (worn)
Jewellery
 k - a +4 ring of protection (left hand)
Talismans
 c - a beast talisman (active)
 d - a flux talisman
Scrolls
 i - a scroll of noise {unknown}
 j - 2 scrolls of identify {unknown}
Potions
 b - a potion of lignification
 e - 3 potions of curing {unknown}
 f - a potion of mutation {unknown}
 h - a potion of invisibility {unknown}
 l - a potion of enlightenment {unknown}


   Skills:
 - Level 1.0 Fighting
 - Level 1.7 Dodging
 + Level 2.9 Unarmed Combat
 * Level 3.1 Shapeshifting


You had one spell level left.
You didn't know any spells.
Your spell library was empty.

Dungeon Overview and Level Annotations

Branches:
Dungeon (2/15)

Altars:


Innate Abilities, Weirdness & Mutations

You are a hulking beast.
Your limbs bulge with bestial killing power. (Slay +1)
You have a pair of small antennae on your head.


Message History

You see here 4 stones.
You see here a +0 whip.
You hit the gnoll.
The gnoll is lightly wounded.
You barely miss the gnoll.
The gnoll is lightly wounded.
The gnoll closely misses you.
You barely miss the gnoll.
The gnoll is lightly wounded.
The gnoll hits you but does no damage.
You hit the gnoll.
The gnoll is moderately wounded.
The gnoll hits you with a +0 halberd of flaming.
The gnoll burns you.
You take 7 damage, and have 14/21 hp.
MASSIVE DAMAGE!!
You hit the gnoll.
The gnoll is heavily wounded.
The gnoll hits you but does no damage.
You barely miss the gnoll. Your punch misses the gnoll.
The gnoll is heavily wounded.
The gnoll hits you with a +0 halberd of flaming.
The gnoll burns you.
You take 4 damage, and have 11/21 hp.
You hit the gnoll.
The gnoll is severely wounded.
The gnoll hits you with a +0 halberd of flaming!
* * * LOW HITPOINT WARNING * * *
The gnoll burns you.
* * * LOW HITPOINT WARNING * * *
You take 9 damage, and have 2/21 hp.
MASSIVE DAMAGE!!
You hit the gnoll.
The gnoll is almost dead.
The gnoll hits you but does no damage.
You closely miss the gnoll.
The gnoll is almost dead.
The gnoll hits you but does no damage.
You closely miss the gnoll.
The gnoll is severely wounded.
The gnoll hits you with a +0 halberd of flaming!
You die...

#. ... .####
#.####.#+#...
..##.........#
.............###
#...g...#..
#.†(....#.########
#...)...#.#......#
#####+#.#.#.###.##
######h#.#.#.###.#
........g...<...#.#
#######.#.#.#.#.#.#
#<#.#.#.#.#.#
#.#.#.#.#.#.#
#.#.#.#.#.#.######
#...#.#.#.#......#
#####.#.#.######.#
..#.#........#


You could see a gnoll.

Vanquished Creatures
  2 giant cockroaches
  A hobgoblin (D:1)
  A quokka (D:1)
  2 ball pythons (D:2)
  2 bats (D:1)
  5 kobolds
  2 rats (D:1)
15 creatures vanquished.

Notes
Turn   | Place    | Note
-------+----------+-------------------------------------------
     0 | D:1      | Dirtsage the Demonspawn Shapeshifter began the quest for
                  | the Orb.
     0 | D:1      | Reached XP level 1. HP: 15/15 MP: 1/1
   295 | D:1      | Reached skill level 3 in Shapeshifting
   299 | D:1      | Gained mutation: You have a pair of small antennae on your
                  | head. [demonic ancestry]
   299 | D:1      | Reached XP level 2. HP: 19/21 MP: 2/2
   742 | D:2      | Slain by a gnoll

Illustrated notes

Levels and vault maps discovered:
D:1:      elethiomel_arrival_quiet, layout_rooms, grunt_decor_junction
D:2:      layout_basic, minmay_pentomino_pile, uniq_jessica, uniq_sigmund

Skill      XL: |  1 |
---------------+----+-----
Shapeshifting  | 3 |  3.1
Fighting       | |  1.0
Dodging        | |  1.7
Unarmed Combat | |  2.9

Action                     || total
---------------------------++-------
  Melee: Unarmed           ||    72
 Armour: Ring mail         ||    40
         Animal skin       ||     5
  Dodge: Dodged            ||    30

Table legend: (Time is in decaauts)
 A = Elapsed time spent in this place.
 B = Non-inter-level travel time spent in this place.
 C = Inter-level travel time spent in this place.
 D = Time resting spent in this place.
 E = Time spent auto-exploring this place.
 F = Levels seen in this place.
 G = Mean time per level.
                   A        B        C        D        E       F      G
               +--------+--------+--------+--------+--------+-----+--------+
         Total |    736 |    691 |     45 |      0 |    552 |   2 |  368.0 |
       Dungeon |    736 |    691 |     45 |      0 |    552 |   2 |  368.0 |
               +--------+--------+--------+--------+--------+-----+--------+

Top non-repeatable levels by time:
     D:1: 650 daAuts
     D:2: 85 daAuts
